 Dungeon Crawl Stone Soup version 0.24-a0-584-g9d6b971ae4 (webtiles) character file.

Game seed: 14193041818845985874, levelgen mode: deterministic

75 Grimm the Ruffian (level 4, 0/36 HPs)
             Began as a Ghoul Monk on Sept 5, 2019.
             Was a Believer of Hepliaklqana.
             Slain by a gnoll
             ... wielding a +0 halberd of venom
              (4 damage)
             ... on level 3 of the Dungeon.
             The game lasted 00:05:23 (1981 turns).

Grimm the Ruffian (Ghoul Monk)                      Turns: 1981, Time: 00:05:24

Health: 0/36       AC:  8    Str: 14    XL:     4   Next: 31%
Magic:  3/3        EV:  3    Int:  5    God:    Hepliaklqana [**....]
Gold:   91         SH:  0    Dex: 12    Spells: 3/3 levels left

rFire    . . .     SeeInvis .     - Unarmed
rCold    + . .     Gourm    .   (no shield)
rNeg     + + +     Faith    .   q - +0 chain mail
rPois    ∞         Spirit   .   (no helmet)
rElec    .         Reflect  .   (no cloak)
rCorr    .         Harm     .   (no gloves)
MR       .....                  (no boots)
Stlth    ..........             (no amulet)
HPRegen  0.00/turn              (no ring)
MPRegen  0.08/turn              (no ring)

@: held, rotting
A: rotting body, reduced essence, claws 1, carnivore, cold resistance 1,
negative energy resistance 3, inhibited regeneration, torment resistance,
unbreathing
a: Ancestor Life: Knight, Ancestor Life: Battlemage, Ancestor Life: Hexer,
Recall Ancestor, Ancestor Identity, Renounce Religion


You were on level 3 of the Dungeon.
You worshipped Hepliaklqana.
Hepliaklqana was pleased with you.
You were not hungry.

You visited 1 branch of the dungeon, and saw 3 of its levels.

You collected 91 gold pieces.

Inventory:

Hand Weapons
 b - a +0 hunting sling
Missiles
 i - 45 sling bullets
 m - 39 stones (quivered)
Armour
 q - a +0 chain mail (worn)
Jewellery
 o - a +5 amulet of reflection {unknown}
Scrolls
 e - 3 scrolls of identify {unknown}
 f - 4 scrolls of magic mapping {unknown}
 g - a scroll of teleportation {unknown}
 j - a scroll of noise {unknown}
 k - a scroll of enchant armour {unknown}
 l - a scroll of fear {unknown}
Potions
 c - a potion of brilliance {unknown}
 d - a potion of degeneration {unknown}
 n - 2 potions of flight {unknown}
Comestibles
 h - 5 rations
 p - 2 chunks of flesh


   Skills:
 + Level 4.4 Fighting
 + Level 0.4 Slings
 - Level 2.7 Dodging
 - Level 2.3 Stealth
 + Level 4.4 Unarmed Combat


You had 3 spell levels left.
You didn't know any spells.
Your spell library was empty.

Dungeon Overview and Level Annotations

Branches:
Dungeon (3/15)

Altars:
Hepliaklqana
The Shining One


Innate Abilities, Weirdness & Mutations

Your body is rotting away.
You thrive on raw meat.
You are immune to poison.
You have sharp fingernails.
You are carnivorous and can eat meat at any time.
Your flesh is cold resistant. (rC+)
You are immune to negative energy. (rN+++)
You do not regenerate when monsters are visible.
You are immune to unholy pain and torment.
You can survive without breathing.
Your life essence is reduced to manifest your ancestor. (-10% HP)


Message History

* * * LOW HITPOINT WARNING * * *
The hobgoblin hits you but does no damage.
You see here a whip.
The gnoll throws a throwing net.
The throwing net hits you.
You become entangled in the net!
You see here a throwing net.
You struggle against the net.
The hobgoblin hits you but does no damage.
You tear a large gash into the net.
The adder bites you.
* * * LOW HITPOINT WARNING * * *
The hobgoblin hits you but does no damage.
You struggle against the net.
The adder bites you but does no damage.
The gnoll hits you from afar with a +0 halberd of venom.
* * * LOW HITPOINT WARNING * * *
The hobgoblin hits you but does no damage.
The adder barely misses you.
You struggle against the net.
The hobgoblin barely misses you. The adder barely misses you.
The gnoll hits you from afar with a +0 halberd of venom.
You die...

.........#..##..........#..#.###.
.........##....###......##.#.#
#......#####.................#
##.###..................##.##..#
#.# #...........(......##..#.##
#.###...............÷#####...#
#.............###.##.#####..##
#####..........###......<......
..........)..ggg@......######.#
######......g..S.......######.##
...............##..............#
######.........##..............#
#.......).........#.......#
#........###......#.......#
#####....# #......#.......#
##.....# #......#.....<.#
#..#..## #......#.......#


You could see 3 gnolls, an adder and a hobgoblin.

Vanquished Creatures
  A gnoll (D:3)
  An adder (D:3)
  2 dart slugs (D:2)
  5 giant cockroaches
  3 goblins
  10 hobgoblins
  4 jackals (D:1)
  3 kobolds
  A quokka (D:2)
  A ball python (D:1)
  7 bats
  4 frilled lizards
  5 rats
47 creatures vanquished.

Vanquished Creatures (collateral kills)
  A rat (D:2)
1 creature vanquished.

Vanquished Creatures (others)
  An ancestor (D:3)
1 creature vanquished.

Grand Total: 49 creatures vanquished

Notes
Turn   | Place    | Note
-------+----------+-------------------------------------------
     0 | D:1      | Grimm the Ghoul Monk began the quest for the Orb.
     0 | D:1      | Reached XP level 1. HP: 19/19 MP: 0/0
    85 | D:1      | Reached XP level 2. HP: 24/26 MP: 1/1
   574 | D:1      | Reached XP level 3. HP: 30/33 MP: 2/2
  1042 | D:2      | Found a glowing golden altar of the Shining One.
  1144 | D:2      | Found a hazy altar of Hepliaklqana.
  1202 | D:2      | Became a worshipper of Hepliaklqana the Forgotten
  1202 | D:2      | Reached * piety under Hepliaklqana
  1202 | D:2      | Reached ** piety under Hepliaklqana
  1795 | D:3      | Reached XP level 4. HP: 32/36 MP: 3/3
  1981 | D:3      | Slain by a gnoll

Levels and vault maps discovered:
D:1:      eino_arrival_water_star, layout_basic, kennysheep_decorative_pillar,
          minmay_misc_feat_alley
D:2:      layout_basic, lemuel_crystal_altar, overflow_temple_1_default
D:3:      layout_rooms, first_ration, uniq_jessica

Skill      XL: |  1  2  3 |
---------------+----------+-----
Fighting       | 4 |  4.4
Unarmed Combat | 4 |  4.4
Slings         | |  0.4
Dodging        | |  2.7
Stealth        | |  2.3

Action                   |  1- 3 |  4- 6 || total
-------------------------+-------+-------++-------
Melee: Unarmed           |   114 |     9 ||   123
       Punch             |     5 |       ||     5
 Stab: Sleeping          |     5 |       ||     5
  Eat: Chunk             |     4 |     1 ||     5
Armor: Robe              |    29 |       ||    29
       Chain mail        |       |     8 ||     8
Dodge: Dodged            |    82 |     5 ||    87

Table legend:
 A = Non-vault XP
 B = Vault XP
 C = Vault XP percentage of total XP
 D = Non-vault monster count
 E = Vault monster count
 F = Vault count percentage of total count
                 A         B        C        D         E       F
            +---------+---------+-------+---------+---------+-------
      Total |     108 |       0 |   0.0 |      48 |       0 |   0.0
            +---------+---------+-------+---------+---------+-------
        D:1 |      41 |       0 |   0.0 |      24 |       0 |   0.0
        D:2 |      35 |       0 |   0.0 |      20 |       0 |   0.0
        D:3 |      32 |       0 |   0.0 |       4 |       0 |   0.0
            +---------+---------+-------+---------+---------+-------
